[Event "Titled Tuesday Blitz May 24 Early 2022"]
[White "Keymer, Vincent"]
[Black "Lazavik, Denis"]
[WhiteFideId "12940690"]
[BlackFideId "13515110"]
[WhiteElo "2548"]
[BlackElo "2437"]
[Result "1-0"]
[Round "06"]
[TimeControl "180+1"]
[Date "2022.05.24"]
[WhiteClock "0:00:08"]
[BlackClock "0:00:07"]

1. Nf3 d5 2. e3 Nf6 3. c4 c6 4. Nc3 Bf5 5. d4 e6 6. Nh4 Be4 7. f3 Bg6 8. Bd2 Be7 9. Nxg6 hxg6 10. Qc2 Nbd7 11. O-O-O Rc8 12. Kb1 O-O 13. Bc1 Qa5 14. c5 Qc7 15. h4 b6 16. cxb6 axb6 17. g4 b5 18. h5 g5 19. e4 b4 20. Ne2 dxe4 21. fxe4 Nxg4 22. Rg1 Nh6 23. Bxg5 Bxg5 24. Rxg5 Kh8 25. Bh3 Nf6 26. Rdg1 Rg8 27. e5 Nh7 28. R5g3 c5 29. Rc1 c4 30. Rcg1 Qe7 31. Nf4 b3 32. axb3 cxb3 33. Qxb3 Qh4 34. Qe3 Nf8 35. Bg2 Nf5 36. Rh3 Nxe3 37. Rxh4 Nf5 38. Rh3 Nh6 39. d5 exd5 40. Bxd5 Rc7 41. e6 fxe6 42. Nxe6 Nxe6 43. Bxe6 Re8 44. Bd5 Rd8 45. Bb3 Rb8 46. Bc2 Rcb7 47. b3 Ra7 48. Kb2 Rba8 49. Rg5 Ra2+ 50. Kb1 Ra1+ 51. Kb2 R1a2+ 52. Kc1 Rc8 53. Rg2 Ra1+ 54. Kb2 Ra5 55. b4 Rd5 56. Rh4 Nf5 57. Bxf5 Rxf5 58. Kb3 Rf3+ 59. Ka4 Ra8+ 60. Kb5 Rf5+ 61. Kc6 Rf6+ 62. Kd5 Rd8+ 63. Kc4 Rc6+ 64. Kb5 Rcc8 65. Rg6 Rb8+ 66. Rb6 Rbc8 67. Rc4 Rd5+ 68. Rc5 Rcxc5+ 69. bxc5 Rxh5 70. Kc4 Rh1 71. c6 Rc1+ 72. Kd5 Kh7 73. Rb4 Kh6 74. Rc4 Rd1+ 75. Ke5 Re1+ 76. Kd6 Rd1+ 77. Kc5 Rd8 78. c7 Rc8 79. Kd6 g5 80. Kd7 Ra8 81. c8=Q Rxc8 82. Rxc8 g4 83. Ke6 Kg5 84. Ke5 g3 85. Rg8+ Kh4 86. Kf4 1-0


[Site "https://www.chess.com"]

[Event "Titled Tuesday Blitz May 24 Early 2022"]
[White "Khamdamova, Afruza"]
[Black "Sankalan Shah"]
[WhiteFideId "14210444"]
[BlackFideId "25600362"]
[WhiteElo "1660"]
[BlackElo "1648"]
[Result "1-0"]
[Round "06"]
[TimeControl "180+1"]
[Date "2022.05.25"]
[WhiteClock "0:02:08"]
[BlackClock "0:00:55"]

1. e4 c6 2. d4 d5 3. Nc3 dxe4 4. Nxe4 Bf5 5. Ng3 Bg6 6. Nf3 Nd7 7. h4 h6 8. Bd3 Bxd3 9. Qxd3 e6 10. Bf4 Qa5+ 11. Bd2 Qc7 12. O-O-O Ngf6 13. Ne4 Nxe4 14. Qxe4 Nf6 15. Qe2 Bd6 16. Kb1 c5 17. dxc5 Bxc5 18. Bc3 Be7 19. Ne5 O-O 20. g4 Nd5 21. Bd4 Rac8 22. g5 Nf4 23. Qe4 hxg5 24. hxg5 1-0


[Site "https://www.chess.com"]

[Event "Titled Tuesday Blitz May 24 Early 2022"]
[White "Kholin, Aleksandr"]
[Black "Buscar, Michael"]
[WhiteFideId "14179385"]
[BlackFideId "2603616"]
[WhiteElo "2467"]
[BlackElo "2010"]
[Result "1-0"]
[Round "06"]
[TimeControl "180+1"]
[Date "2022.05.25"]
[WhiteClock "0:01:39"]
[BlackClock "0:00:06"]

1. d4 Nf6 2. c4 e6 3. Nf3 c5 4. d5 exd5 5. cxd5 d6 6. Nc3 g6 7. e4 Bg7 8. h3 O-O 9. Bd3 Na6 10. O-O Re8 11. Re1 Nc7 12. Bf4 a6 13. a4 b6 14. Nd2 Rb8 15. Nc4 Bf8 16. Qd2 b5 17. axb5 axb5 18. Na5 Bd7 19. b4 c4 20. Bc2 Nh5 21. Bh2 Qf6 22. Ne2 g5 23. Nd4 Bg7 24. Ndc6 Ra8 25. e5 dxe5 26. Bxe5 Rxe5 27. Nxe5 Bc8 28. d6 Ne6 29. d7 Bxd7 30. Nxd7 Qxa1 31. Rxa1 Bxa1 32. Bf5 Nhf4 33. Bxe6 Nxe6 34. Qd5 Rd8 35. Nc6 Rc8 36. Ne7+ 1-0


[Site "https://www.chess.com"]

[Event "Titled Tuesday Blitz May 24 Early 2022"]
[White "Khoroshev, Nikita"]
[Black "Demchenko, Anton"]
[WhiteFideId "14200287"]
[BlackFideId "4160258"]
[WhiteElo "2354"]
[BlackElo "2539"]
[Result "0-1"]
[Round "06"]
[TimeControl "180+1"]
[Date "2022.05.24"]
[WhiteClock "0:00:09"]
[BlackClock "0:00:04"]

1. e4 e5 2. Nf3 Nc6 3. Bb5 a6 4. Ba4 Nge7 5. O-O Ng6 6. c3 d6 7. d4 Bd7 8. Re1 Be7 9. Nbd2 O-O 10. Nf1 b5 11. Bb3 exd4 12. cxd4 Na5 13. Bc2 c5 14. Ng3 Re8 15. Nf5 Bf8 16. Bg5 Qc7 17. h4 cxd4 18. Rc1 Qb7 19. Qxd4 Ne5 20. Nd2 f6 21. Be3 Bxf5 22. exf5 d5 23. b3 Rad8 24. Qb6 Nec6 25. Qxb7 Nxb7 26. Bb6 Rxe1+ 27. Rxe1 Rc8 28. Nf3 Bc5 29. Bxc5 Nxc5 30. Rd1 Rd8 31. a3 b4 32. a4 Kf7 33. Bd3 Ke7 34. Kf1 Ne5 35. Ne1 a5 36. Bc2 Kd6 37. Rd4 Kc7 38. Bd1 Rd7 39. f4 Nc6 40. Rd2 Ne4 41. Rd3 Kb6 42. Bf3 Nc3 43. Nc2 Kc5 44. g4 h6 45. Kf2 Re7 46. Kg3 Ne4+ 47. Kg2 Re8 48. Rd1 Nc3 49. Rd2 Re7 50. Rd3 Ne2 51. Rd2 Ned4 52. Na1 Nxf3 53. Kxf3 Nd4+ 54. Kf2 Re4 55. Nc2 Rxf4+ 56. Kg3 Re4 57. Nxd4 Rxd4 58. Rc2+ Kd6 59. Re2 Rd3+ 60. Kf4 Rxb3 61. Re6+ Kd7 62. Ra6 Ra3 63. Rxa5 b3 64. Rxd5+ Kc6 65. Rd8 Rxa4+ 66. Kf3 Rb4 67. Rc8+ Kd5 68. Rd8+ Kc4 69. Rc8+ Kd3 70. g5 hxg5 71. hxg5 b2 72. Rd8+ Kc2 73. gxf6 gxf6 74. Rc8+ Kb3 75. Rd8 b1=Q 0-1


[Site "https://www.chess.com"]

[Event "Titled Tuesday Blitz May 24 Early 2022"]
[White "Klekowski, Maciej"]
[Black "Liyanage, Ranindu Dilshan"]
[WhiteFideId "1132717"]
[BlackFideId "9915834"]
[WhiteElo "2476"]
[BlackElo "1858"]
[Result "0-1"]
[Round "06"]
[TimeControl "180+1"]
[Date "2022.05.24"]
[WhiteClock "0:01:27"]
[BlackClock "0:01:30"]

1. e4 e5 2. Nf3 Nc6 3. d4 exd4 4. Nxd4 Nf6 5. Nxc6 bxc6 6. Bd3 d5 7. e5 Ng4 8. O-O Bc5 9. h3 Nxe5 10. Re1 Qf6 11. Qe2 O-O 12. Qxe5 Qxf2+ 13. Kh1 Bxh3 14. gxh3 Qf3+ 15. Kh2 Qf2+ 16. Kh1 Qf3+ 17. Kh2 Bd6 18. Qxd6 Qf2+ 0-1


[Site "https://www.chess.com"]

[Event "Titled Tuesday Blitz May 24 Early 2022"]
[White "Kovalev, Vladislav"]
[Black "Kollars, Dmitrij"]
[WhiteFideId "13504398"]
[BlackFideId "12909572"]
[WhiteElo "2530"]
[BlackElo "2584"]
[Result "0-1"]
[Round "06"]
[TimeControl "180+1"]
[Date "2022.05.24"]
[WhiteClock "0:00:03"]
[BlackClock "0:00:13"]

1. e4 c5 2. Be2 Nc6 3. d3 d5 4. f4 g6 5. c3 Bg7 6. Nf3 Bg4 7. O-O e6 8. Be3 d4 9. Bf2 Bxf3 10. Bxf3 Nge7 11. Qc2 O-O 12. Nd2 Rc8 13. a3 Qc7 14. g3 Rfd8 15. e5 Nf5 16. Ne4 Nce7 17. c4 Ne3 18. Bxe3 dxe3 19. Qe2 Nf5 20. Rad1 Qb6 21. g4 Nd4 22. Qxe3 Qxb2 23. Rb1 Qxa3 24. Rxb7 Nc2 25. Qe2 Rxd3 26. Qxc2 Rxf3 27. Nd6 Qe3+ 28. Kg2 Rxf1 29. Kxf1 Qxf4+ 30. Qf2 Qxf2+ 31. Kxf2 Rf8 32. Rxa7 Bxe5 33. Ne4 h6 34. Kg2 Rb8 35. Nxc5 Bd4 36. Rc7 Rb2+ 37. Kh1 Be5 38. Rc8+ Kg7 39. Nd7 Rxh2+ 40. Kg1 Re2 41. c5 Bd4+ 42. Kf1 Rc2 43. c6 h5 44. gxh5 gxh5 45. c7 h4 0-1


[Site "https://www.chess.com"]

[Event "Titled Tuesday Blitz May 24 Early 2022"]
[White "Kruckenhauser, Arthur"]
[Black "Leschinsky, Gary"]
[WhiteFideId "1642812"]
[BlackFideId "30951321"]
[WhiteElo "2243"]
[BlackElo "1782"]
[Result "1-0"]
[Round "06"]
[TimeControl "180+1"]
[Date "2022.05.25"]
[WhiteClock "0:01:05"]
[BlackClock "0:00:03"]

1. Nf3 d5 2. c4 d4 3. b4 g5 4. Qb3 Bg7 5. Nxg5 e5 6. Qg3 Ne7 7. Ne6 Bxe6 8. Qxg7 Ng6 9. d3 Nc6 10. b5 Nce7 11. Qf6 Rg8 12. g3 Qd7 13. Bg2 O-O-O 14. Nd2 Nf5 15. Nb3 Qd6 16. c5 Qf8 17. Ba3 Qh6 18. Na5 b6 19. Nc6 Rde8 20. Nxa7+ Kb8 21. Nc6+ Kc8 22. cxb6 cxb6 23. Rc1 Kd7 24. Nxe5+ Nxe5 25. Qxe5 Rc8 26. Bc6+ Kd8 27. g4 Qg5 28. f4 Qh4+ 29. Kd2 Qh6 30. gxf5 Rc7 31. Qd6+ Kc8 32. Bb7+ Kxb7 33. Rxc7+ Ka8 34. Qc6+ 1-0


[Site "https://www.chess.com"]

[Event "Titled Tuesday Blitz May 24 Early 2022"]
[White "Lauridsen, Jesper Morch"]
[Black "Proudian, Armen"]
[WhiteFideId "1401890"]
[BlackFideId "2130734"]
[WhiteElo "2244"]
[BlackElo "2380"]
[Result "0-1"]
[Round "06"]
[TimeControl "180+1"]
[Date "2022.05.25"]
[WhiteClock "0:00:06"]
[BlackClock "0:00:24"]

1. e4 e5 2. Nf3 Nc6 3. d4 exd4 4. Bc4 Nf6 5. e5 d5 6. Bb5 Nd7 7. O-O Bc5 8. Bg5 Be7 9. Bxc6 bxc6 10. Nxd4 Nb8 11. Bxe7 Qxe7 12. f4 O-O 13. Nd2 c5 14. N4f3 Nc6 15. Nb3 d4 16. Qd3 a5 17. Ng5 g6 18. Rae1 Bf5 19. Qc4 Nb4 20. e6 f6 21. Nf7 Bxc2 22. Qxc5 Qxc5 23. Nxc5 d3 24. Nd7 d2 25. Rd1 Bxd1 26. Rxd1 Kg7 27. Nxf8 Rxf8 28. Rxd2 Re8 29. Rd7 Kf8 30. a3 Na6 31. f5 gxf5 32. Nh6 Rxe6 33. Nxf5 Rb6 34. Rxh7 Rxb2 35. h4 c5 36. h5 c4 37. Ra7 c3 38. Nd4 Nc5 39. h6 Kg8 40. h7+ Kh8 41. Rc7 c2 42. Rxc5 Rb1+ 43. Kf2 c1=Q 44. Rxc1 Rxc1 45. Nb3 Rc2+ 46. Kf1 a4 47. Nd4 Rc3 48. Nb5 Rb3 0-1


[Site "https://www.chess.com"]

[Event "Titled Tuesday Blitz May 24 Early 2022"]
[White "Legenia, Artem"]
[Black "Perez Rodriguez, Jennifer"]
[WhiteFideId "14136945"]
[BlackFideId "3507831"]
[WhiteElo "1936"]
[BlackElo "2170"]
[Result "0-1"]
[Round "06"]
[TimeControl "180+1"]
[Date "2022.05.25"]
[WhiteClock "0:02:03"]
[BlackClock "0:01:49"]

1. g3 e5 2. Bg2 d5 3. b3 Nf6 4. Bb2 Bd6 5. e3 O-O 6. h3 Re8 7. Ne2 Nc6 8. O-O Be6 9. Kh2 e4 10. d4 Ne7 11. Nd2 Ng6 12. c4 c6 13. Nf4 Nxf4 14. exf4 h5 15. h4 Ng4+ 16. Kg1 e3 17. fxe3 Nxe3 18. Qxh5 Bg4 19. Qg5 Be7 20. Qe5 Bf6 0-1


[Site "https://www.chess.com"]

[Event "Titled Tuesday Blitz May 24 Early 2022"]
[White "Li, Hui"]
[Black "Mohota, Nisha"]
[WhiteFideId "15400310"]
[BlackFideId "5004330"]
[WhiteElo "1954"]
[BlackElo "2117"]
[Result "1/2-1/2"]
[Round "06"]
[TimeControl "180+1"]
[Date "2022.05.25"]
[WhiteClock "0:00:02"]
[BlackClock "0:00:43"]

1. e4 Nc6 2. Nf3 d6 3. d4 g6 4. Nc3 Bg7 5. Be2 e5 6. dxe5 dxe5 7. Qxd8+ Nxd8 8. O-O c6 9. Be3 Ne7 10. a4 Bg4 11. Nd2 Bxe2 12. Nxe2 Ne6 13. Nc4 O-O 14. Rfd1 b5 15. axb5 cxb5 16. Nd6 a6 17. c3 Rfd8 18. Nb7 Rxd1+ 19. Rxd1 Rb8 20. Rd7 Bf8 21. Nc5 Nxc5 22. Bxc5 Nc6 23. Bxf8 Kxf8 24. f4 exf4 25. Nxf4 Ne5 26. Ra7 b4 27. Rxa6 Nc4 28. b3 bxc3 29. bxc4 c2 30. Ne2 Rb1+ 31. Kf2 c1=Q 32. Nxc1 Rxc1 33. Rc6 Ke7 34. Kf3 Kd7 35. Rc5 Rc3+ 36. Kf2 Rc2+ 37. Kf3 Rc3+ 38. Kf4 f6 39. h3 Ke6 40. Rc6+ Ke7 41. Rc7+ Ke6 42. Rxh7 Rxc4 43. Rh8 g5+ 44. Kf3 Rc3+ 45. Kg4 Rc4 46. Kf3 Rc3+ 47. Kf2 Ke5 48. Re8+ Kf4 49. Re6 Rc2+ 50. Kf1 Ke3 51. g3 Rc1+ 52. Kg2 Rc2+ 53. Kf1 Rc1+ 54. Kg2 Rc2+ 55. Kf1 1/2-1/2


[Site "https://www.chess.com"]

[Event "Titled Tuesday Blitz May 24 Early 2022"]
[White "Li, Zhuoling"]
[Black "Toncheva, Nadya"]
[WhiteFideId "8605629"]
[BlackFideId "2924056"]
[WhiteElo "2341"]
[BlackElo "1888"]
[Result "1-0"]
[Round "06"]
[TimeControl "180+1"]
[Date "2022.05.25"]
[WhiteClock "0:00:15"]
[BlackClock "0:00:05"]

1. e4 c5 2. Nf3 Nc6 3. Bb5 e6 4. O-O Nge7 5. Re1 a6 6. Bf1 d5 7. exd5 Nxd5 8. d4 Nf6 9. Be3 cxd4 10. Nxd4 Nxd4 11. Bxd4 Be7 12. Nc3 O-O 13. Qd2 b5 14. Rad1 Bb7 15. a3 Rc8 16. Qg5 Qc7 17. Be5 Qc6 18. Ne4 h6 19. Qg3 Nh5 20. Qg4 f5 21. Qxh5 fxe4 22. Qg4 Rf7 23. c3 Rcf8 24. Rd2 Bc5 25. Bd4 e5 26. Bxc5 Qxc5 27. Qg3 Bc6 28. Qe3 Qe7 29. h3 Qh4 30. c4 Rf3 31. gxf3 Rxf3 32. Qb6 Qg5+ 33. Kh1 Qxd2 34. Qb8+ Kh7 35. Re2 Qf4 36. Qc8 Rxf2 37. Rxf2 Qxf2 38. Bg2 Be8 39. Qxe8 e3 40. Qxe5 Qe1+ 41. Kh2 g6 42. Qe7+ Kh8 43. Qf8+ Kh7 44. Qf7+ Kh8 45. Qxg6 Qf2 46. Qxh6+ Kg8 47. Qg6+ Kf8 48. Qd6+ Kg7 49. Qg3+ Kf8 50. Qxf2+ exf2 51. Bf1 bxc4 52. Bxc4 Ke7 53. Kg3 Kd6 54. Kxf2 Kc5 55. Bd3 1-0


[Site "https://www.chess.com"]

[Event "Titled Tuesday Blitz May 24 Early 2022"]
[White "Livaic, Leon"]
[Black "Vasquez Schroeder, Rodrigo"]
[WhiteFideId "14531534"]
[BlackFideId "3400042"]
[WhiteElo "2540"]
[BlackElo "2567"]
[Result "1-0"]
[Round "06"]
[TimeControl "180+1"]
[Date "2022.05.24"]
[WhiteClock "0:00:12"]
[BlackClock "0:00:31"]

1. d4 Nf6 2. Nc3 d6 3. e4 Nbd7 4. f4 e5 5. dxe5 dxe5 6. Nf3 Bd6 7. f5 Bb4 8. Bd3 c6 9. O-O O-O 10. Kh1 a5 11. g4 Nxg4 12. Ng5 Ngf6 13. Rg1 Kh8 14. Qe1 h6 15. Qh4 Qe7 16. Nf3 Nh7 17. Qg3 Qf6 18. Nd1 Bc5 19. Ne3 Bxe3 20. Bxe3 b6 21. Rg2 Ba6 22. Rag1 Rg8 23. h4 Bxd3 24. cxd3 c5 25. Ng5 Raf8 26. Qf3 Qe7 27. Qh5 Ndf6 28. Qf3 Rd8 29. Bd2 Rd7 30. Nxh7 Kxh7 31. Qe3 Qf8 32. Bc3 Qd6 33. Bd2 Nh5 34. Qf3 Nf4 35. Bxf4 exf4 36. Qg4 Qxd3 37. Qxg7+ 1-0


[Site "https://www.chess.com"]

[Event "Titled Tuesday Blitz May 24 Early 2022"]
[White "Ljukin, Sergei"]
[Black "Kowalysko, Roman"]
[WhiteFideId "14102200"]
[BlackFideId "30918510"]
[WhiteElo "2312"]
[BlackElo "2172"]
[Result "0-1"]
[Round "06"]
[TimeControl "180+1"]
[Date "2022.05.25"]
[WhiteClock "0:00:04"]
[BlackClock "0:00:02"]

1. e4 c5 2. Nf3 d6 3. d4 cxd4 4. Nxd4 Nf6 5. Nc3 g6 6. Be3 Bg7 7. f3 Nc6 8. Qd2 O-O 9. O-O-O d5 10. Kb1 Nxd4 11. e5 Nf5 12. exf6 exf6 13. Nxd5 Nxe3 14. Qxe3 Qa5 15. Ne7+ Kh8 16. Rd5 Qc7 17. Rc5 Qd6 18. Nxc8 Qd1+ 19. Qc1 Qxc1+ 20. Kxc1 Raxc8 21. Rxc8 Rxc8 22. Bd3 f5 23. Re1 Bf6 24. c3 Kg7 25. Bb5 Rc5 26. Ba4 b5 27. Bb3 b4 28. c4 Re5 29. Rxe5 Bxe5 30. h3 Kf6 31. Kc2 Ke7 32. c5 f6 33. Kd3 Bxb2 34. Kc4 Ba3 35. Kb5 Kd7 36. Bg8 h6 37. Bh7 g5 38. Bxf5+ Kc7 39. Be4 h5 40. Bd5 h4 41. Be4 a6+ 42. Kc4 a5 0-1


[Site "https://www.chess.com"]

[Event "Titled Tuesday Blitz May 24 Early 2022"]
[White "Lutz, Igor Oscar"]
[Black "Kuznetsov, Mikhail"]
[WhiteFideId "2110806"]
[BlackFideId "4117190"]
[WhiteElo "1724"]
[BlackElo "1981"]
[Result "0-1"]
[Round "06"]
[TimeControl "180+1"]
[Date "2022.05.25"]
[WhiteClock "0:00:09"]
[BlackClock "0:01:01"]

1. d4 Nf6 2. c4 g6 3. Nc3 d5 4. cxd5 Nxd5 5. e4 Nxc3 6. bxc3 Bg7 7. Bc4 c5 8. Be3 O-O 9. Ne2 cxd4 10. Bxd4 Nc6 11. Bxg7 Kxg7 12. O-O b6 13. Qa4 Bb7 14. Rfd1 Qc7 15. Bb5 a6 16. Bd3 b5 17. Qb3 Rfd8 18. Bc2 Na5 19. Qb4 Nc4 20. Nd4 e5 21. Nf3 Rxd1+ 22. Rxd1 Rd8 23. a4 Rxd1+ 24. Bxd1 Qd7 25. Bb3 Bxe4 26. axb5 axb5 27. h3 Bxf3 28. gxf3 Qxh3 29. Bxc4 bxc4 30. Qxc4 Qxf3 31. Qc5 Qg4+ 32. Kf1 Qh3+ 33. Ke2 Qh5+ 34. Kf1 Qf5 35. c4 h5 36. Qd5 h4 37. c5 h3 38. c6 Qb1+ 39. Ke2 h2 40. c7 Qc2+ 41. Ke3 Qxc7 42. Qh1 Qc3+ 43. Ke2 Qc4+ 44. Ke3 Qd4+ 45. Ke2 Qg4+ 46. Ke3 Qg1 47. Qe4 Qe1+ 0-1


[Site "https://www.chess.com"]

[Event "Titled Tuesday Blitz May 24 Early 2022"]
[White "Maksimenko, Viktor"]
[Black "Molina, Roberto Junio Brito"]
[WhiteFideId "13710478"]
[BlackFideId "2109450"]
[WhiteElo "2269"]
[BlackElo "2432"]
[Result "1/2-1/2"]
[Round "06"]
[TimeControl "180+1"]
[Date "2022.05.25"]
[WhiteClock "0:00:06"]
[BlackClock "0:01:32"]

1. d4 d5 2. c4 c6 3. Nc3 Nf6 4. Nf3 dxc4 5. a4 Bf5 6. Ne5 Nbd7 7. Nxc4 Nb6 8. Ne5 a5 9. f3 Nfd7 10. e4 Nxe5 11. dxe5 Qxd1+ 12. Kxd1 Be6 13. Kc2 O-O-O 14. Rb1 Bc4 15. b4 Bxf1 16. Rxf1 Nc4 17. e6 fxe6 18. b5 e5 19. Kb3 Nd2+ 20. Bxd2 Rxd2 21. Rfd1 Rxd1 22. Rxd1 e6 23. Kc4 Bb4 24. Na2 Be7 25. Nc1 Rd8 26. Rxd8+ Kxd8 27. Nd3 Bd6 28. bxc6 bxc6 29. Nc1 Kc7 30. Nb3 Bb4 31. Na1 Kd6 32. Nc2 Bc5 33. Na1 h5 34. Nb3 Bb4 35. Nc1 g5 36. g4 hxg4 37. fxg4 Bc5 38. Nb3 Bb6 39. Nd2 Be3 40. Nf3 Ke7 41. Ne1 Kd6 42. Nd3 Bg1 43. h3 Bd4 44. Nc1 Be3 45. Nb3 Bb6 46. Nd2 Bf2 47. Nb3 Bb6 48. Nc1 Be3 49. Nd3 Bd4 50. Ne1 Bf2 51. Nf3 Be3 52. Ne1 Bf2 53. Nd3 Bd4 1/2-1/2


[Site "https://www.chess.com"]

[Event "Titled Tuesday Blitz May 24 Early 2022"]
[White "Maksimovic, Bojan"]
[Black "Bluebaum, Matthias"]
[WhiteFideId "14408120"]
[BlackFideId "24651516"]
[WhiteElo "2448"]
[BlackElo "2556"]
[Result "0-1"]
[Round "06"]
[TimeControl "180+1"]
[Date "2022.05.24"]
[WhiteClock "0:00:02"]
[BlackClock "0:00:14"]

1. e4 c6 2. Bc4 d5 3. Bb3 dxe4 4. Qh5 g6 5. Qh4 Bg7 6. Nc3 Nf6 7. f3 e3 8. dxe3 O-O 9. Nge2 Na6 10. e4 Nc5 11. Be3 Nxb3 12. axb3 b6 13. O-O Qc7 14. Bf4 e5 15. Bg5 Nd7 16. Rfd1 Re8 17. b4 Bb7 18. Bh6 Bh8 19. Bg5 f6 20. Be3 Nf8 21. Qf2 Qe7 22. b5 cxb5 23. Nxb5 Bc6 24. Nec3 a6 25. Nd6 Red8 26. Nc4 b5 27. Nb6 Rxd1+ 28. Rxd1 Rd8 29. Nbd5 Qe8 30. Bb6 Rd7 31. Qc5 Bb7 32. b4 Ne6 33. Qe3 Bg7 34. Bc5 h6 35. h3 Kh7 36. Kh2 f5 37. Qd3 Bc6 38. exf5 Nf4 39. fxg6+ Kh8 40. Qe4 Qa8 41. Nxf4 Bxe4 42. Rxd7 Bf5 43. Rf7 Qc8 44. Nfd5 Bxg6 45. Ne7 Qe6 46. Nxg6+ Qxg6 47. Re7 Bf8 48. Rc7 Bxc5 49. Rxc5 Qxc2 50. Ne4 Qb2 51. Rc8+ Kg7 52. Rc7+ Kf8 53. Rc8+ Ke7 54. Rc6 Qxb4 55. Rxa6 h5 56. Rb6 Qb1 57. Rb7+ Kd8 58. Rb8+ Kc7 59. Rh8 Qc1 60. Rxh5 b4 61. Rh7+ Kb6 62. Rh8 Qf4+ 63. Kh1 Ka7 64. Rh7+ Ka6 65. Rh8 b3 66. Rb8 b2 67. Ra8+ Kb7 0-1


[Site "https://www.chess.com"]

[Event "Titled Tuesday Blitz May 24 Early 2022"]
[White "Martinez Alcantara, Jose Eduardo"]
[Black "Antipov, Mikhail Al."]
[WhiteFideId "3805662"]
[BlackFideId "4107012"]
[WhiteElo "2690"]
[BlackElo "2512"]
[Result "0-1"]
[Round "06"]
[TimeControl "180+1"]
[Date "2022.05.24"]
[WhiteClock "0:00:20"]
[BlackClock "0:00:10"]

1. e4 e5 2. Nf3 Nc6 3. Bb5 Nf6 4. d3 Ne7 5. O-O c6 6. Ba4 Ng6 7. c3 Be7 8. h3 O-O 9. Re1 Qc7 10. d4 d5 11. exd5 e4 12. d6 Bxd6 13. Nfd2 Bf5 14. Nf1 Rae8 15. c4 Qc8 16. Qb3 h6 17. d5 Nh4 18. Re3 b5 19. cxb5 cxd5 20. Rc3 Qb8 21. b6 Re7 22. Be3 axb6 23. Bd4 Be5 24. Qb4 Bxd4 25. Qxd4 Be6 26. Ng3 b5 27. Rb3 Rb7 28. Qb4 e3 29. Rxe3 Nxg2 30. Kxg2 bxa4 31. Qd4 Rb4 32. Qe5 d4 33. Qxb8 Rfxb8 34. Rd3 Nd5 35. Kf3 Rxb2 36. Nd2 Nb4 37. Rxd4 Nc2 38. Rd6 Nxa1 39. Nde4 Nc2 40. Nc5 Bxa2 41. Nf5 Nb4 42. Ne7+ Kh7 43. Nd7 Re8 44. Nf5 Bd5+ 45. Kg3 Rb3+ 46. Kg4 Be6 47. Kf4 Bxf5 48. Kxf5 Rf3+ 49. Kg4 Rxf2 50. Nb6 a3 51. Rd7 a2 52. Ra7 Re3 53. Nc4 f5+ 54. Kh4 Rf4+ 55. Kh5 Rxh3# 0-1


[Site "https://www.chess.com"]

[Event "Titled Tuesday Blitz May 24 Early 2022"]
[White "Martinez, Shawn"]
[Black "Piliczewski, Bogusz"]
[WhiteFideId "2039770"]
[BlackFideId "1104144"]
[WhiteElo "2174"]
[BlackElo "1896"]
[Result "1-0"]
[Round "06"]
[TimeControl "180+1"]
[Date "2022.05.25"]
[WhiteClock "0:00:27"]
[BlackClock "0:00:02"]

1. e4 c6 2. d4 d5 3. exd5 cxd5 4. Nf3 Bg4 5. Bb5+ Nc6 6. Nbd2 e6 7. c3 Nf6 8. Qa4 Qb6 9. Ne5 Rc8 10. Nxg4 Nxg4 11. O-O Bd6 12. Nf3 O-O 13. Bg5 f6 14. Bh4 Nh6 15. Rfe1 Rfe8 16. Re2 Nf5 17. Bg3 Nxg3 18. hxg3 Re7 19. Rae1 Rce8 20. c4 a6 21. Bxc6 Qxc6 22. Qxc6 bxc6 23. cxd5 exd5 24. Rxe7 Rxe7 25. Rxe7 Bxe7 26. Kf1 Kf7 27. Ke2 Ke6 28. Kd3 g6 29. a3 a5 30. Kc3 c5 31. dxc5 Bxc5 32. Nd4+ Kd6 33. b4 axb4+ 34. axb4 Bb6 35. f4 h5 36. Kd3 Bd8 37. Nb5+ Kc6 38. Nd4+ Kd6 39. Nf3 Kc6 40. Nh4 g5 41. Nf5 Kb5 42. Kd4 Bc7 43. fxg5 fxg5 44. Kxd5 Kxb4 45. Ke6 Kc4 46. Kf6 Bd8+ 47. Kg6 Kd5 48. Kxh5 Ke5 49. Kg4 Kf6 50. Nd6 Kg6 51. Ne4 Be7 52. Nf2 Bd8 53. Nd3 Bc7 54. Nc5 Bd6 55. Ne6 Be7 56. Nd4 Bf6 57. Nf5 Bd8 58. Nd6 Be7 59. Nb7 Bf6 60. Nc5 Be7 61. Ne6 Kh6 62. Kf5 g4 63. Kxg4 Kg6 64. Nf4+ Kh6 65. Nd5 Bd8 66. Kf5 Bg5 67. g4 Bd8 68. Nf6 Kg7 69. Ne8+ Kf7 70. Nd6+ Kg7 71. g5 Be7 72. Ne4 Bb4 73. Nf6 Be7 74. Nh5+ Kg8 75. g6 Bb4 76. g7 Bc3 77. Kg6 Be5 78. Nf6+ Bxf6 79. Kxf6 Kh7 80. Kf7 Kh6 81. g8=Q 1-0


[Site "https://www.chess.com"]

[Event "Titled Tuesday Blitz May 24 Early 2022"]
[White "Matinian, Nikita"]
[Black "Kalogridis, Antonios"]
[WhiteFideId "24129100"]
[BlackFideId "25833901"]
[WhiteElo "2422"]
[BlackElo "1596"]
[Result "1-0"]
[Round "06"]
[TimeControl "180+1"]
[Date "2022.05.24"]
[WhiteClock "0:01:50"]
[BlackClock "0:01:45"]

1. e4 c6 2. d4 d5 3. e5 Bf5 4. Nf3 e6 5. Be2 Ne7 6. Nbd2 a6 7. Nb3 Nd7 8. a4 Ng6 9. O-O c5 10. dxc5 Bxc5 11. Bg5 Qc7 12. Nxc5 Nxc5 13. Nd4 Qxe5 14. Be3 Nd7 15. Nxf5 Qxf5 16. c4 O-O 17. cxd5 Qxd5 18. Bf3 Qxd1 19. Rfxd1 Nde5 20. Bxb7 Rab8 21. Bxa6 Rxb2 22. a5 f5 23. Bd4 Rc2 24. Bb7 Ng4 25. a6 e5 26. Bd5+ Kh8 27. a7 Rcc8 28. Bc5 1-0


[Site "https://www.chess.com"]

[Event "Titled Tuesday Blitz May 24 Early 2022"]
[White "Matlakov, Maxim"]
[Black "Petrovskyi, Vadym"]
[WhiteFideId "4168003"]
[BlackFideId "14165210"]
[WhiteElo "2669"]
[BlackElo "2400"]
[Result "1-0"]
[Round "06"]
[TimeControl "180+1"]
[Date "2022.05.24"]
[WhiteClock "0:00:10"]
[BlackClock "0:00:04"]

1. d4 Nf6 2. Nf3 g6 3. g3 Bg7 4. Bg2 O-O 5. O-O d6 6. Re1 c5 7. dxc5 dxc5 8. c3 Nc6 9. Qc2 Bg4 10. Bf4 Re8 11. Na3 e5 12. Bg5 h6 13. Bxf6 Qxf6 14. Nd2 Qe7 15. Ne4 Be6 16. Red1 f5 17. Nd6 Red8 18. Ndc4 e4 19. Ne3 Ne5 20. Qa4 a6 21. Rxd8+ Rxd8 22. Rd1 Rxd1+ 23. Qxd1 Kh7 24. Qc2 Qf7 25. b3 Nc6 26. Nb1 Qf6 27. f3 exf3 28. Bxf3 f4 29. Nf1 Qe5 30. g4 Nd8 31. c4 Nf7 32. h4 Qd4+ 33. Kg2 Ne5 34. Nbd2 Bxg4 35. h5 Bf5 36. hxg6+ Bxg6 37. Be4 Qd6 38. Bxg6+ Nxg6 39. Qf5 Qc6+ 40. Nf3 Kg8 41. Kf2 Qd6 42. N1d2 Qf6 43. Qc8+ Kh7 44. Qxb7 Qe6 45. Qd5 Qh3 46. Ne4 Nh4 47. Nxh4 Bd4+ 48. Ke1 Qh1+ 49. Kd2 Be3+ 50. Kd3 Qd1+ 51. Nd2 Bxd2 52. Qf7+ 1-0


[Site "https://www.chess.com"]

[Event "Titled Tuesday Blitz May 24 Early 2022"]
[White "Mekhitarian, Krikor Sevag"]
[Black "Gabrielian, Artur"]
[WhiteFideId "2107660"]
[BlackFideId "4131002"]
[WhiteElo "2598"]
[BlackElo "2440"]
[Result "0-1"]
[Round "06"]
[TimeControl "180+1"]
[Date "2022.05.24"]
[WhiteClock "0:00:04"]
[BlackClock "0:00:04"]

1. d4 Nf6 2. Nf3 g6 3. Nc3 d5 4. Bf4 Bg7 5. e3 O-O 6. Be2 c5 7. Ne5 cxd4 8. exd4 Nc6 9. Qd2 Bf5 10. O-O-O Rc8 11. g4 Nxe5 12. gxf5 Nc4 13. Bxc4 Rxc4 14. fxg6 hxg6 15. Be5 Qa5 16. Kb1 Rfc8 17. Bxf6 Bxf6 18. Ne2 Qxd2 19. Rxd2 Kg7 20. c3 Rh8 21. h3 Rh4 22. Rd3 Rc8 23. Rf3 Rch8 24. Nf4 e6 25. Nd3 b6 26. Kc2 R8h5 27. a4 a5 28. Kd2 g5 29. Rg3 Kf8 30. Ke2 Be7 31. f3 f6 32. Nf2 Kf7 33. Rg4 Rh8 34. Rxh4 gxh4 35. Rg1 Bd6 36. Nd3 Bg3 37. Rb1 e5 38. Ke3 Rc8 39. Rd1 Rc4 40. dxe5 fxe5 41. Ra1 Ke6 42. Ra3 Kf5 43. Rb3 Rxa4 44. Rxb6 Ra1 45. Rb5 Ke6 46. Nc5+ Kf7 47. Nd3 Rh1 48. Rxd5 Rxh3 49. Rxa5 Rh1 50. Nxe5+ Bxe5 51. f4 Bf6 52. Kf3 Rf1+ 53. Kg4 Rg1+ 54. Kf5 Be7 55. Ra6 h3 56. Rh6 Rg3 57. c4 Bc5 58. Ke5 Bg1 59. f5 Re3+ 60. Kf4 Rb3 61. Rh7+ Kg8 62. Rh5 h2 63. f6 Kf7 64. Kf5 Rf3+ 65. Ke4 Rxf6 66. c5 Kg6 67. Rh3 Rf1 68. b4 Rc1 69. Kd5 Kg5 70. b5 Kg4 71. Rxh2 Bxh2 72. b6 Kf5 73. Kc6 Ke6 74. Kb5 Kd5 75. b7 Rb1+ 76. Ka6 Kxc5 77. b8=Q Bxb8 0-1


[Site "https://www.chess.com"]